 Dungeon Crawl Stone Soup version 0.29.0-4-gdea44cf6ec (webtiles) character file.

Game seed: 13985845970836773067

18 qw the Chopper (level 2, -3/17 HPs)
             Began as a Tengu Warper on Aug 28, 2022.
             Slain by an adder (4 damage)
             ... on level 2 of the Dungeon.
             The game lasted 00:00:05 (863 turns).

qw the Chopper (Tengu Warper)                        Turns: 863, Time: 00:00:05

Health: -3/17      AC:  3    Str: 11    XL:     2   Next: 66%
Magic:  6/6        EV: 11    Int: 13    God:
Gold:   44         SH:  0    Dex: 13    Spells: 5/5 levels left

rFire   . . .      SeeInvis .   Y - +0 hand axe
rCold   . . .      Faith    .   (no shield)
rNeg    . . .      Spirit   .   b - +0 leather armour
rPois   .          Reflect  .   (helmet restricted)
rElec   .          Harm     .   (no cloak)
rCorr   .          Rampage  .   (no gloves)
Will    .....                   (boots unavailable)
Stlth   +.........              (no amulet)
HPRegen 0.05/turn               (no ring)
MPRegen 0.10/turn               (no ring)

@: lethally poisoned (-3 -> -13)
A: beak, talons 3
a: no special abilities


You were on level 2 of the Dungeon.
You visited 1 branch of the dungeon, and saw 2 of its levels.

You collected 44 gold pieces.


Innate Abilities, Weirdness & Mutations

You have a beak for a mouth.
You have claws for feet.


   Skills:
 - Level 2.0 Fighting
 + Level 3.5 Axes
 - Level 1.0 Throwing
 - Level 1.1 Armour
 - Level 2.1 Dodging
 - Level 2.0 Spellcasting
 - Level 2.4 Translocations


You had 5 spell levels left.
You didn't know any spells.
Your spell library contained the following spells:

 Spells                   Type           Power      Damage    Failure   Level
 Blink                    Tloc           14%        N/A       19%         2
 Gell's Gravitas          Tloc           7%         N/A       36%         3
 Lesser Beckoning         Tloc           7%         N/A       36%         3
 Teleport Other           Tloc           7%         N/A       36%         3
 Manifold Assault         Tloc           7%         N/A       98%         5

Inventory:

Hand Weapons
 e - a +0 club
 Y - a +0 hand axe (weapon)
Armour
 b - a +0 leather armour (worn)
Scrolls
 a - 3 scrolls of identify
 c - a scroll of immolation {unknown}
Potions
 d - a potion of might {unknown}
 h - a potion of cancellation {unknown}

Dungeon Overview and Level Annotations

Branches:
Dungeon (2/15)

Altars:
Gozag

Shops:
D:1 :


Message History

849 ||| Stepping ~*~*~tactically~*~*~ (hiding).
You start waiting.
A kobold is nearby!
The kobold shoots a sling bullet.
The sling bullet hits you but does no damage.
A kobold comes into view. It is wielding a +0 short sword.
Found a knobbly glowing staff and a scroll labelled NUOFESIHUTT.
The kobold shouts!
The kobold shoots a sling bullet.
The sling bullet misses you.
You hear an angry hiss.
Found a black potion.
Found an opulent altar of Gozag.
An adder comes into view.
You hit the kobold.
The kobold is severely wounded.
An adder comes into view.
The kobold unwields a +0 sling.
The kobold wields a +0 dagger.
The kobold hits you with a +0 dagger.
You hit the kobold but do no damage. You claw the kobold.
You kill the kobold!
You hit the kobold.
You kill the kobold!
You miss the adder. Your kick misses the adder. Your peck misses the adder.
The adder bites you. x2
You closely miss the adder. You barely miss the adder.
The adder bites you but does no damage. The adder closely misses you. x2
You closely miss the adder. You hit the adder.
The adder bites you but does no damage. The adder bites you.
You are poisoned.
The adder poisons you! The adder barely misses you.
You hit the adder. Your kick misses the adder.
The adder is lightly wounded.
You barely miss the adder.
You feel sick. The adder bites you. The adder bites you but does no damage.
You slash the adder! You claw the adder, but do no damage.
The adder is almost dead.
You closely miss the adder.
You feel sick. The adder bites you.
You are more poisoned.
The adder poisons you! The adder bites you.
You die...

#.... !. #..?.#.## ###
........ . ... #......
.. .## ##.....###..#
#.......... #...SS.|#
##....@..# .........###
...........############
....######............##
... ############).# _.
##.< . ###


You could see 2 adders.

Vanquished Creatures
  2 bats (D:1)
  2 endoplasms
  2 goblins
  2 hobgoblins (D:1)
  2 quokkas (D:1)
  A ball python (D:1)
  A frilled lizard (D:1)
  2 kobolds (D:2)
  3 rats (D:1)
17 creatures vanquished.

Notes
Turn   | Place    | Note
-------+----------+-------------------------------------------
     0 | D:1      | qw the Tengu Warper began the quest for the Orb.
     0 | D:1      | Reached XP level 1. HP: 12/12 MP: 4/4
     0 | D:1      | 0 ||| qw: Version: 0.1-a-89-g26bdef1
     0 | D:1      | 0 ||| qw: Game counter: 1122
     0 | D:1      | 0 ||| qw: Always use a shield: true
     0 | D:1      | 0 ||| qw: God list: Okawaru
     0 | D:1      | 0 ||| qw: Allow faded altars: false
     0 | D:1      | 0 ||| qw: Do Orc after D:15 true
     0 | D:1      | 0 ||| qw: Do second Lair branch before Depths: true
     0 | D:1      | 0 ||| qw: Lair rune preference: random
     0 | D:1      | 0 ||| qw: Plans: Normal
     0 | D:1      | 0 ||| PLANNING D:1-11
   133 | D:1      | Reached XP level 2. HP: 17/17 MP: 6/6
   144 | D:1      | Reached skill level 3 in Axes
   152 | D:1      | Found a faded altar of an unknown god.
   546 | D:1      | Found Idadut Aroi's Book Emporium.
   706 | D:1      | 706 ||| READING scroll labelled XOUCUT QUTA.
   707 | D:1      | 707 ||| READING scroll labelled SAKHIKLOFE.
   710 | D:1      | 710 ||| DROPPING scroll of blinking.
   849 | D:2      | 849 ||| Stepping ~*~*~tactically~*~*~ (hiding).
   854 | D:2      | Found an opulent altar of Gozag.
   863 | D:2      | HP: 4/17 [poisoned by an adder]
   863 | D:2      | HP: 1/17 [adder (3)]
   863 | D:2      | Slain by an adder

Levels and vault maps discovered:
D:1:      ncdulo_smallfort, layout_rooms, serial_shops, shop_statue,
          shapermc_ecumenical_altar_venn
D:2:      layout_rooms, basic_altar, minmay_pentomino_o4

Skill      XL: |  1  2 |
---------------+-------+-----
Axes           | 3 |  3.5
Fighting       | |  2.0
Throwing       | |  1.0
Armour         | |  1.1
Dodging        | |  2.1
Spellcasting   | |  2.0
Translocations | |  2.4

Action                   || total
-------------------------++-------
Melee: Hand axe          ||    39
       Kick              ||     7
       Peck              ||     2
Throw: Boomerang         ||     7
  Use: Scroll            ||     2
Armor: Leather armour    ||    18
Dodge: Dodged            ||    24

Table legend:
 A = Non-vault XP
 B = Vault XP
 C = Vault XP percentage of total XP
 D = Non-vault monster count
 E = Vault monster count
 F = Vault count percentage of total count
                 A         B        C        D         E       F
            +---------+---------+-------+---------+---------+-------
      Total |      25 |       1 |   3.8 |      16 |       1 |   5.9
            +---------+---------+-------+---------+---------+-------
        D:1 |      20 |       0 |   0.0 |      13 |       0 |   0.0
        D:2 |       5 |       1 |  16.7 |       3 |       1 |  25.0
            +---------+---------+-------+---------+---------+-------
